Map: Romanticide LE

Players

Denver - Winner!

  • Race: Zerg Zerg
  • League: Master
  • Spawn Location: 11:00

SKillous

  • Race: Protoss Protoss
  • League: Grandmaster
  • Spawn Location: 5:00

Event: DreamHack SC2 Masters 2020 Winter

VOD

Have the link to the VOD?

Description

Time

  • Played on: Nov. 5, 2020, 11:35 a.m.
  • Length: 39:51

All games in this series

Show
View Real Time Build Order
Export as new Build Order

Denver Zerg - Winner!

Build Orders: Hatch First, Lurkers 

Get SALT Encoding   

  12  0:00  Drone  
  13  0:13  Overlord  
  13  0:17  Drone  
  14  0:32  Drone x2  
  16  0:49  Hatchery  
  15  0:53  Drone  
  15  0:55  Drone  
  17  0:59  Drone  
  18  1:11  Extractor  
  17  1:16  Spawning Pool  
  16  1:19  Drone  
  16  1:22  Drone  
  18  1:30  Drone  
  19  1:41  Drone  
  20  1:51  Overlord  
  20  2:03  Queen x2, Zergling x2  
  20  2:04  Zergling x2  
  26  2:12  Metabolic Boost  
  26  2:14  Drone  
  27  2:16  Drone  
  28  2:24  Drone  
  28  2:25  Drone  
  30  2:39  Hatchery  
  30  2:42  Drone  
  30  2:44  Drone  
  30  2:49  Overlord  
  31  2:52  Drone  
  31  2:58  Queen  
  34  3:01  Zergling x2  
  34  3:03  Zergling x2  
  36  3:09  Zergling x2  
  36  3:10  Drone  
  36  3:11  Drone x2  
  40  3:15  Drone  
  41  3:22  Evolution Chamber  
  40  3:27  Spore Crawler  
  40  3:33  Drone x4  
  42  3:34  Spore Crawler  
  42  3:38  Drone  
  42  3:39  Overlord  
  42  3:42  Overlord  
  42  3:51  Overlord  
  42  3:58  Drone x4  
  42  3:59  Drone  
  47  4:03  Queen  
  48  4:15  Drone  
  48  4:16  Drone x7  
  54  4:21  Spore Crawler  
  54  4:23  Zergling x4  
  55  4:27  Queen  
  57  4:33  Roach Warren  
  57  4:37  Drone x4  
  60  4:40  Overlord  
  60  4:44  Lair  
  60  4:47  Overlord  
  60  4:48  Drone  
  60  4:49  Drone  
  60  4:52  Drone x2  
  64  4:54  Drone x2  
  64  4:58  Evolution Chamber  
  65  5:05  Zergling x14  
  72  5:09  Drone  
  72  5:11  Drone  
  74  5:14  Extractor  
  74  5:15  Extractor  
  74  5:16  Spore Crawler  
  74  5:19  Drone x2  
  74  5:20  Drone x2  
  75  5:21  Extractor, Overlord x2  
  75  5:25  Drone x3  
  75  5:27  Spore Crawler  
  76  5:29  Drone x2  
  76  5:30  Spore Crawler  
  76  5:35  Queen  
  80  5:36  Drone  
  80  5:39  Zerg Missile Weapons Level 1  
  80  5:47  Drone x5  
  84  5:52  Extractor  
  84  5:53  Hydralisk Den, Extractor  
  84  5:54  Drone x2  
  84  5:55  Drone x2  
  83  5:58  Overseer  
  83  6:02  Overlord  
  83  6:08  Queen  
  83  6:10  Overlord  
  83  6:15  Overlord  
  83  6:24  Muscular Augments  
  83  6:25  Hydralisk x8  
  99  6:37  Nydus Network  
  98  6:40  Hatchery, Hydralisk  
  98  6:41  Hydralisk  
  98  6:46  Hydralisk x2  
  101  6:49  Drone x2  
  101  6:53  Hydralisk x2  
  111  7:00  Overlord x2  
  111  7:01  Hydralisk x3  
  109  7:06  Hydralisk  
  109  7:07  Hydralisk  
  118  7:09  Queen  
  120  7:16  Nydus Canal  
  120  7:17  Overseer  
  120  7:19  Hydralisk x2  
  120  7:21  Overlord  
  124  7:31  Hydralisk x4  
  124  7:32  Overlord  
  124  7:33  Overlord  
  132  7:37  Grooved Spines  
  132  7:45  Hydralisk x3  
  137  7:51  Nydus Canal  
  131  8:01  Hydralisk x3  
  131  8:04  Overlord  
  137  8:07  Nydus Canal  
  137  8:13  Queen, Zergling x18  
  137  8:14  Queen  
  146  8:21  Hydralisk x3  
  146  8:36  Hydralisk x6  
  132  8:42  Queen  
  132  8:46  Hydralisk x2  
  125  8:49  Hydralisk  
  125  8:50  Hydralisk  
  120  8:57  Drone x4  
  120  9:01  Drone x2  
  119  9:02  Zerg Missile Weapons Level 2  
  119  9:06  Hydralisk  
  121  9:12  Drone x3  
  124  9:25  Drone x7  
  124  9:27  Lurker Den  
  124  9:28  Extractor x2  
  128  9:34  Drone x7  
  135  9:44  Hydralisk  
  135  9:45  Hydralisk x3  
  143  9:52  Hydralisk x4  
  149  9:55  Overlord  
  151  10:07  Infestation Pit, Overlord x2  
  151  10:13  Hydralisk x2  
  151  10:14  Hydralisk  
  152  10:15  Hydralisk  
  152  10:17  Hatchery  
  157  10:22  Hydralisk x3  
  163  10:29  Drone x3  
  163  10:30  Drone x5  
  163  10:32  Overseer  
  163  10:34  Pneumatized Carapace  
  171  10:44  Overlord  
  171  10:48  Lurker x7  
  178  10:51  Overlord  
  178  10:55  Hive  
  178  10:56  Hydralisk x5  
  186  10:59  Overlord  
  186  11:03  Overlord  
  184  11:05  Hydralisk x3  
  190  11:11  Overseer  
  190  11:15  Hydralisk  
  190  11:16  Hydralisk x3  
  198  11:27  Hydralisk  
  200  11:33  Nydus Canal  
  196  11:54  Nydus Canal  
  180  12:12  Hydralisk  
  180  12:13  Hydralisk x7  
  173  12:19  Drone x5  
  173  12:20  Drone, Hydralisk  
  173  12:21  Hydralisk x15  
  189  12:32  Queen  
  189  12:34  Drone x5  
  196  12:44  Hydralisk  
  196  12:45  Hydralisk x2  
  196  12:51  Hydralisk x6  
  188  12:56  Extractor  
  188  12:57  Extractor  
  157  13:06  Lurker x3  
  160  13:22  Lurker x3  
  160  13:23  Zergling x28, Hydralisk  
  177  13:37  Adaptive Talons  
  177  13:38  Overseer  
  177  13:39  Lurker x2  
  179  13:42  Zergling x16, Hydralisk x2  
  191  13:49  Lurker  
  191  13:50  Lurker  
  191  13:53  Drone  
  193  14:01  Hatchery  
  193  14:02  Zerg Missile Weapons Level 3  
  192  14:04  Evolution Chamber  
  192  14:07  Lurker x2  
  188  14:18  Hydralisk x6  
  193  14:31  Hydralisk x5  
  170  14:36  Hydralisk x7  
  188  14:41  Lurker  
  189  14:48  Lurker x2  
  189  14:49  Unknown  
  190  14:57  Seismic Spines  
  186  15:05  Viper  
  178  15:23  Hydralisk x12  
  178  15:26  Zergling x8  
  178  15:27  Zergling x4  
  183  15:37  Viper x2  
  189  15:44  Lurker  
  189  15:48  Lurker  
  191  15:53  Lurker x2  
  192  15:58  Drone x2  
  192  15:59  Drone x6  
  192  16:04  Spore Crawler  
  198  16:05  Spore Crawler x3  
  194  16:22  Hydralisk x8  
  193  16:30  Hydralisk x3  
  175  16:36  Hydralisk x3  
  173  16:41  Viper  
  173  16:42  Viper  
  173  16:45  Drone x3  
  173  16:46  Drone  
  183  16:49  Lurker x2  
  183  16:54  Hydralisk x2  
  185  16:59  Hydralisk x3  
  195  17:05  Hydralisk x2  
  198  17:26  Hydralisk  
  198  17:27  Hydralisk x2  
  199  17:38  Zerg Ground Armor Level 1  
  199  17:43  Hatchery  
  188  18:05  Spore Crawler  
  187  18:06  Spore Crawler  
  187  18:07  Spore Crawler, Overseer  
  187  18:08  Spore Crawler x2, Overseer  
  187  18:09  Spore Crawler, Overseer x2  
  187  18:11  Spore Crawler  
  181  18:19  Hydralisk x2  
  180  18:20  Hydralisk x8  
  178  18:42  Hydralisk x11  
  193  19:01  Hydralisk x3  
  189  19:36  Lurker x4  
  189  19:38  Spore Crawler x2  
  191  19:39  Spore Crawler  
  191  19:40  Spore Crawler  
  191  19:42  Spore Crawler  
  174  20:07  Hydralisk  
  174  20:08  Hydralisk x8  
  174  20:12  Zerg Ground Armor Level 2, Spire  
  174  20:13  Spire  
  190  20:20  Overseer x3  
  187  20:35  Hydralisk x4  
  193  21:05  Spore Crawler x2  
  193  21:06  Spore Crawler  
  193  21:07  Spore Crawler, Overseer  
  193  21:08  Spore Crawler, Overseer x4  
  193  21:09  Overlord x2  
  193  21:10  Overlord  
  188  21:29  Overlord  
  160  21:47  Hydralisk x19  
  196  22:06  Overlord  
  196  22:07  Overlord x2  
  185  22:13  Overlord x2  
  162  22:30  Overseer  
  162  22:33  Hydralisk x14  
  190  22:46  Overlord  
  188  23:11  Hydralisk x2  
  184  23:13  Overlord x2  
  184  23:17  Overseer  
  184  23:19  Viper  
  183  23:29  Overlord  
  183  23:40  Drone x2  
  185  23:42  Drone x3  
  185  23:43  Drone x3  
  185  23:44  Lurker  
  185  23:45  Lurker x2  
  194  23:52  Viper x2  
  179  24:12  Hydralisk x14  
  199  24:27  Spore Crawler x3  
  199  24:29  Spore Crawler, Overseer  
  199  24:30  Spore Crawler  
  194  24:32  Spore Crawler  
  194  24:33  Spore Crawler  
  192  24:53  Lurker x6  
  198  25:01  Overseer  
  194  25:47  Overseer  
  195  25:50  Drone x6  
  200  26:05  Hatchery  
  199  26:13  Overseer  
  194  26:54  Hatchery  
  193  27:07  Spore Crawler  
  193  27:08  Drone x8, Spore Crawler  
  200  27:09  Drone, Spore Crawler  
  200  27:10  Spore Crawler  
  200  27:12  Spore Crawler  
  174  27:37  Drone  
  174  27:38  Drone x7  
  182  28:00  Lurker x3  
  185  28:10  Drone x10  
  188  28:54  Hydralisk x7  
  191  29:13  Hydralisk x11  
  145  29:30  Hydralisk  
  145  29:31  Hydralisk x3  
  141  29:45  Extractor  
  140  29:46  Lurker  
  141  29:55  Drone x2  
  141  29:57  Extractor  
  137  30:13  Drone x5  
  135  30:14  Overlord  
  133  30:24  Overlord x2  
  133  30:39  Overlord  
  133  30:41  Spawning Pool  
  133  30:42  Overseer x2  
  129  31:05  Extractor, Hatchery  
  129  31:06  Extractor  
  126  31:30  Lair  
  126  31:35  Spore Crawler x3  
  126  31:36  Spore Crawler  
  126  31:38  Spore Crawler x2  
  126  31:39  Spore Crawler  
  99  32:35  Hydralisk Den  
  93  32:51  Spore Crawler  
  93  32:52  Spore Crawler  
  93  32:54  Spore Crawler  
  93  32:55  Spore Crawler x2  
  93  32:57  Spore Crawler  
  87  33:07  Hydralisk x3  
  93  33:18  Spawning Pool  
  89  33:35  Hatchery  
  89  33:36  Hydralisk x4  
  95  34:44  Hydralisk x2  
  99  35:01  Overseer  
  97  36:45  Hatchery  
  94  37:54  Unknown  
  93  38:00  Spore Crawler  
  93  38:01  Drone x2  
  93  38:02  Drone x2  
  94  38:32  Overlord  
  94  38:33  Overlord x2  
  94  38:34  Lair  
  94  39:00  Drone  
  94  39:01  Drone  
  96  39:10  Drone  
  97  39:27  Drone  
Show
View Real Time Build Order
Export as new Build Order

SKillous Protoss 

Build Orders: 1 Gate Expand, Carriers 

Get SALT Encoding   

  12  0:00  Probe  
  13  0:12  Probe  
  14  0:19  Pylon  
  14  0:24  Probe  
  15  0:38  Probe (Chrono Boost)  
  15  0:39  Gateway  
  16  0:47  Assimilator, Probe (Chrono Boost)  
  17  0:52  Probe  
  19  1:04  Probe  
  19  1:16  Probe  
  20  1:24  Nexus  
  20  1:33  Cybernetics Core  
  20  1:36  Probe  
  21  1:43  Assimilator  
  21  1:49  Probe  
  21  1:52  Pylon  
  22  2:01  Probe  
  23  2:07  Adept (Chrono Boost)  
  23  2:13  Probe  
  26  2:17  Stargate  
  26  2:25  Probe (Chrono Boost)  
  26  2:26  Warp Gate  
  26  2:27  Adept (Chrono Boost)  
  27  2:35  Probe (Chrono Boost)  
  30  2:43  Probe (Chrono Boost)  
  31  2:45  Probe (Chrono Boost)  
  31  2:49  Probe (Chrono Boost)  
  31  2:50  Adept  
  35  2:54  Void Ray (Chrono Boost)  
  35  3:00  Probe  
  35  3:03  Probe  
  41  3:09  Pylon  
  41  3:12  Probe  
  42  3:15  Probe  
  43  3:24  Probe  
  44  3:27  Probe  
  44  3:32  Void Ray  
  43  3:35  Assimilator  
  43  3:36  Assimilator, Probe  
  43  3:39  Gateway  
  43  3:40  Probe  
  49  3:49  Pylon  
  49  3:52  Probe (Chrono Boost)  
  49  3:53  Probe (Chrono Boost)  
  51  3:58  Stargate  
  51  4:02  Probe (Chrono Boost)  
  53  4:04  Probe (Chrono Boost)  
  53  4:07  Probe (Chrono Boost)  
  54  4:12  Probe  
  54  4:13  Gateway  
  52  4:19  Probe, Void Ray (Chrono Boost)  
  57  4:25  Probe  
  57  4:30  Pylon  
  58  4:33  Nexus  
  58  4:35  Probe  
  59  4:42  Probe  
  59  4:45  Void Ray (Chrono Boost)  
  60  4:48  Pylon  
  64  4:53  Shield Battery  
  64  4:54  Void Ray (Chrono Boost)  
  64  4:58  Probe  
  69  5:00  Probe  
  69  5:06  Adept  
  71  5:07  Adept  
  71  5:12  Probe  
  75  5:14  Probe  
  75  5:21  Pylon  
  75  5:26  Probe  
  75  5:28  Pylon  
  76  5:33  Void Ray x2  
  76  5:35  Probe  
  77  5:40  Forge  
  77  5:42  Twilight Council  
  85  5:44  Probe  
  85  5:48  Probe  
  85  5:49  Probe  
  89  5:57  Shield Battery, Probe (Chrono Boost)  
  89  5:59  Adept  
  89  6:04  Probe (Chrono Boost)  
  92  6:06  Adept  
  92  6:09  Probe (Chrono Boost)  
  92  6:11  Probe (Chrono Boost)  
  96  6:12  Assimilator, Charge  
  96  6:13  Void Ray  
  96  6:14  Assimilator  
  96  6:17  Protoss Ground Weapons Level 1 (Chrono Boost)  
  97  6:18  Probe (Chrono Boost)  
  97  6:21  Probe  
  97  6:25  Probe  
  103  6:27  Probe  
  103  6:29  Pylon, Protoss Air Weapons Level 1  
  104  6:33  Templar Archives  
  104  6:34  Probe  
  105  6:44  Probe  
  105  6:45  Probe  
  105  6:46  Probe  
  108  6:49  Gateway  
  108  6:50  Gateway  
  108  6:54  Gateway  
  108  6:55  Gateway, Void Ray  
  108  6:58  Probe x2  
  108  7:01  Psionic Storm, Probe  
  115  7:10  Probe x2  
  115  7:12  Pylon  
  117  7:19  Gateway  
  117  7:20  Gateway  
  117  7:21  Pylon  
  117  7:24  Void Ray  
  117  7:30  Probe  
  117  7:33  Void Ray (Chrono Boost)  
  117  7:36  Probe  
  117  7:37  Probe  
  124  7:40  Gateway x2  
  124  7:42  Pylon  
  124  7:54  High Templar x3, Shield Battery  
  124  7:57  Shield Battery x2  
  120  7:58  Void Ray (Chrono Boost)  
  120  8:01  Zealot x3  
  120  8:04  Shield Battery  
  124  8:08  Shield Battery, Void Ray (Chrono Boost)  
  128  8:15  Shield Battery x2  
  128  8:18  Zealot  
  128  8:19  Zealot  
  136  8:24  Gateway  
  136  8:36  Archon, Zealot x2  
  136  8:37  Zealot  
  136  8:40  Void Ray  
  132  8:43  Void Ray  
  132  8:44  Zealot  
  132  8:48  Protoss Ground Weapons Level 2 (Chrono Boost)  
  132  8:52  Zealot  
  132  8:53  Zealot  
  132  8:57  Pylon x2  
  132  8:58  Pylon  
  132  9:10  Pylon  
  132  9:14  Nexus  
  132  9:17  Pylon  
  132  9:18  High Templar x3  
  132  9:19  Void Ray  
  132  9:20  Void Ray  
  138  9:24  Zealot x4  
  138  9:25  Zealot x2  
  138  9:29  Pylon  
  150  9:46  Robotics Facility  
  150  9:51  High Templar, Void Ray  
  152  9:53  Pylon  
  152  9:56  Sentry  
  152  9:57  Zealot x7  
  171  10:02  Pylon  
  171  10:04  Pylon  
  171  10:05  Pylon  
  172  10:12  Pylon  
  172  10:16  Nexus  
  172  10:17  Pylon  
  172  10:21  High Templar  
  172  10:22  High Templar  
  172  10:23  Zealot x3, Sentry  
  172  10:27  Archon  
  184  10:28  Unknown  
  184  10:41  Fleet Beacon  
  182  10:45  Zealot x3  
  182  10:46  Zealot  
  182  10:47  Observer (Chrono Boost)  
  187  10:59  High Templar x2  
  187  11:00  Sentry  
  187  11:01  Zealot x2  
  197  11:06  Archon  
  197  11:09  Protoss Shields Level 1 (Chrono Boost)  
  197  11:13  Photon Cannon  
  197  11:16  Shield Battery  
  197  11:17  Flux Vanes, Photon Cannon, Pylon  
  197  11:18  High Templar  
  199  11:19  Photon Cannon  
  199  11:21  Shield Battery  
  199  11:44  Shield Battery  
  199  11:45  Shield Battery  
  199  11:46  Zealot x3, Shield Battery  
  199  11:54  Zealot x2  
  197  12:00  Zealot  
  199  12:08  Zealot x5  
  189  12:11  Zealot, Observer (Chrono Boost)  
  162  12:24  Zealot  
  162  12:25  Observer (Chrono Boost)  
  149  12:39  Zealot x4  
  149  12:40  Zealot  
  149  12:43  Observer  
  153  12:44  Zealot x3  
  158  12:54  Probe  
  158  12:55  Zealot, Carrier x2  
  155  13:08  Nexus  
  155  13:13  High Templar  
  155  13:14  High Templar x4  
  165  13:29  Protoss Shields Level 2 (Chrono Boost)  
  165  13:30  Cybernetics Core  
  161  13:50  High Templar x2  
  161  13:51  High Templar  
  161  13:52  High Templar x3  
  161  13:54  Photon Cannon  
  161  13:55  Photon Cannon, Pylon  
  173  13:57  Archon  
  173  13:58  Archon, Pylon  
  171  14:05  Carrier (Chrono Boost)  
  171  14:09  Nexus  
  177  14:20  Pylon  
  169  14:30  Carrier (Chrono Boost)  
  161  14:38  High Templar x2  
  171  14:40  Probe x2  
  171  14:44  Archon, Zealot x4  
  181  14:52  Pylon  
  179  15:05  Stargate  
  179  15:06  Protoss Air Weapons Level 2 (Chrono Boost)  
  179  15:09  Zealot  
  177  15:26  Carrier  
  169  15:31  Sentry x2  
  171  15:40  Assimilator x2  
  171  15:42  High Templar, Photon Cannon  
  171  15:43  Shield Battery  
  171  15:48  Zealot  
  171  15:49  Zealot x2  
  179  16:00  Carrier  
  185  16:12  High Templar x4  
  185  16:16  Archon  
  185  16:28  Zealot x2  
  169  16:42  Carrier x2 (Chrono Boost)  
  181  17:01  Carrier (Chrono Boost)  
  181  17:04  Zealot x2  
  181  17:05  Zealot x4  
  199  17:09  Protoss Air Weapons Level 3 (Chrono Boost)  
  175  17:41  Carrier (Chrono Boost)  
  184  17:47  Zealot, Carrier (Chrono Boost)  
  184  17:48  Zealot  
  188  17:55  Carrier (Chrono Boost)  
  186  18:12  Mothership (Chrono Boost)  
  184  18:44  Nexus  
  184  18:48  Pylon  
  167  19:04  High Templar x3  
  167  19:32  Zealot x3  
  167  19:38  Zealot  
  172  20:04  Assimilator  
  172  20:05  Assimilator  
  171  20:12  High Templar  
  172  20:15  High Templar  
  168  20:21  Archon  
  168  20:24  Zealot x4  
  174  20:56  Nexus  
  172  20:59  Carrier  
  166  21:05  Zealot x2  
  166  21:06  Zealot  
  157  21:55  Nexus  
  157  21:56  Pylon  
  131  22:58  Observer  
  127  23:06  Observer  
  126  23:44  Zealot x2  
  130  23:49  Carrier (Chrono Boost)  
  130  24:26  Assimilator  
  130  24:27  Assimilator  
  130  24:54  Carrier (Chrono Boost)  
  136  25:33  Nexus, Observer  
  136  25:34  Pylon  
  136  25:37  Probe  
  137  25:55  Carrier (Chrono Boost)  
  139  26:05  Zealot  
  141  26:19  Zealot  
  149  26:36  Carrier (Chrono Boost)  
  147  26:52  Probe (Chrono Boost)  
  149  26:54  Probe (Chrono Boost)  
  147  27:02  Probe (Chrono Boost)  
  147  27:03  Probe (Chrono Boost)  
  147  27:07  Probe (Chrono Boost)  
  148  27:08  Probe (Chrono Boost)  
  148  27:14  Observer  
  150  27:19  Carrier (Chrono Boost)  
  150  27:20  Probe  
  150  27:22  Observer  
  157  27:38  Probe x2  
  159  27:50  Probe x2  
  161  27:51  Assimilator  
  161  27:53  Stalker  
  161  27:54  Assimilator  
  161  27:57  Zealot  
  165  28:04  Zealot x3  
  171  28:15  Carrier  
  171  28:27  Probe (Chrono Boost)  
  171  28:30  Probe (Chrono Boost)  
  173  28:37  Probe (Chrono Boost)  
  173  28:39  Probe (Chrono Boost)  
  165  28:47  Probe (Chrono Boost)  
  165  28:55  Probe (Chrono Boost)  
  165  28:57  Zealot x2  
  165  28:58  Zealot x4  
  177  29:05  Probe  
  146  29:35  Zealot  
  146  29:36  Zealot x2  
  152  29:41  Observer (Chrono Boost)  
  109  31:11  Observer  
  109  31:27  Probe x2 (Chrono Boost)  
  111  31:34  Observer  
  111  31:38  Probe x2 (Chrono Boost)  
  114  31:43  Probe x2 (Chrono Boost)  
  79  37:03  High Templar  
  81  37:08  High Templar  
Tags
 
Add a new tag
Caveats
  • Supply blocks, unpowered buildings, or Contaminate may cause inaccurate times.
  • Supply counts are checked every 10 seconds.